 Dungeon Crawl Stone Soup version 0.22-a0-282-gdd34a7d (webtiles) character file.

1966 Amnesiac the Conjurer (level 9, -4/54 HPs)
             Began as a Tengu Wizard on Mar 17, 2018.
             Was a Follower of Sif Muna.
             Killed from afar by an electric eel (6 damage)
             ... with a bolt of electricity
             ... on level 6 of the Dungeon.
             The game lasted 00:14:36 (6827 turns).

Amnesiac the Conjurer (Tengu Wizard)                Turns: 6827, Time: 00:14:38

Health: -4/54      AC:  9    Str:  8      XL:     9   Next: 19%
Magic:  12/20      EV: 17    Int: 22      God:    Sif Muna [*.....]
Gold:   406        SH:  0    Dex: 11 (15) Spells: 4/22 levels left

rFire    . . .     SeeInvis .   x - +3 rapier (speed)
rCold    + . .     Gourm    .   (no shield)
rNeg     . . .     Faith    .   q - +2 robe {rC+}
rPois    .         Spirit   .   b - +0 hat
rElec    .         Reflect  .   (no cloak)
rCorr    .         Harm     .   (no gloves)
MR       +....                  (boots unavailable)
Stlth    ++........             (no amulet)
HPRegen  0.18/turn              C - +3 ring of dexterity
MPRegen  0.17/turn              F - ring of protection from magic

@: icy armour, flying quickly and evasively, divine energy
A: beak, talons 3, able to fly 1
a: Stop Divine Energy, Renounce Religion


You were on level 6 of the Dungeon.
You worshipped Sif Muna.
Sif Muna was aware of your devotion.
You were hungry.

You visited 2 branches of the dungeon, and saw 7 of its levels.

You collected 406 gold pieces.

Inventory:

Hand Weapons
 v - a +0 hunting sling
 x - a +3 rapier of speed (weapon)
Missiles
 u - 41 sling bullets
Armour
 b - a +0 hat (worn)
 q - a +2 robe of cold resistance (worn)
Magical Staves
 s - an uncursed staff of cold
Jewellery
 C - a +3 ring of dexterity (left hand)
 F - a ring of protection from magic (right hand)
Wands
 r - a wand of random effects (7)
 t - a wand of paralysis (28)
 y - a wand of acid (10)
 D - a wand of scattershot (6)
Scrolls
 c - 2 scrolls of teleportation {!r, unknown}
 e - 2 scrolls of enchant weapon {!r}
 j - a scroll of enchant armour {!r, unknown}
 l - a scroll of amnesia {!r, unknown}
 n - 3 scrolls of magic mapping {!r, unknown}
 p - a scroll of fear {!r, unknown}
 w - a scroll of noise {!r, unknown}
 A - 2 scrolls of remove curse {!r}
Potions
 a - 2 potions of lignification {!q, unknown}
 f - a potion of agility {!q, unknown}
 g - 5 potions of curing {!q}
 h - a potion of berserk rage {!q}
 i - 4 potions of flight {!q}
 m - a potion of invisibility {!q}
 o - a potion of heal wounds {!q}
 z - 2 potions of haste {!q}
 E - a potion of brilliance {!q}
Comestibles
 d - 13 rations


   Skills:
 - Level 5.3 Fighting
 - Level 6.2 Dodging
 - Level 2.0 Stealth
 * Level 7.1 Spellcasting
 + Level 7.1 Conjurations
 - Level 1.2 Summonings
 - Level 0.7 Translocations


You had 4 spell levels left.
You knew the following spells:

 Your Spells              Type           Power        Failure   Level  Hunger
a - Magic Dart            Conj           ####         1%          1    None
b - Call Imp              Summ           ##......     8%          2    None
d - Throw Icicle          Conj/Ice       ###.....     19%         4    ###....
e - Mephitic Cloud        Conj/Pois/Air  ###.....     9%          3    None
s - Conjure Flame         Conj/Fire      ###.....     5%          3    None
v - Blink                 Tloc           N/A          9%          2    None
z - Ozocubu's Armour      Chrm/Ice       #.......     24%         3    None


Dungeon Overview and Level Annotations

Branches:
Dungeon (6/15)             Temple (1/1) D:6

Altars:
Dithmenos
Gozag
Hepliaklqana
Kikubaaqudgha
Makhleb
Nemelex Xobeh
Ru
Sif Muna
Vehumet
Wu Jian
Zin
The Shining One


Innate Abilities, Weirdness & Mutations

You have a beak for a mouth.
You have claws for feet.
You can fly.


Message History

You float gracefully downwards.
You start resting.
Your icy armour evaporates.
You start resting.
You start resting.
Magic restored.
You start resting.
Magic restored.
You start resting.
HP restored.
You start resting.
HP restored.
There is an open door here.
You enter the shallow water.
Moving in this stuff is going to be slow.
Casting: Magic Dart (safe; 1% risk of failure)
Confirm with . or Enter, or press ? or * to list all spells.
A film of ice covers your body!
You swoop lightly up into the air.
You feel very comfortable in the air.
You feel somewhat more hungry. As you open the door, it creaks loudly!
You are feeling hungry.
The electric eel shoots out a bolt of lightning at you!
The bolt of electricity hits the plant.
The bolt of electricity misses you.
Casting: Ozocubu's Armour (safe; 24% risk of failure)
Confirm with . or Enter, or press ? or * to list all spells.
You can't see any susceptible monsters within range! (Use Z to cast anyway.)
The electric eel shoots out a bolt of lightning at you!
The bolt of electricity hits the plant.
The bolt of electricity hits you!
The electric eel shoots out a bolt of lightning at you!
The bolt of electricity misses the electric eel.
The bolt of electricity hits the plant.
The bolt of electricity hits you!
There is an open door here.
Casting: Ozocubu's Armour (safe; 24% risk of failure)
Confirm with . or Enter, or press ? or * to list all spells.
Aiming: Mephitic Cloud (safe; 9% risk of failure)
Press: ? - help, Shift-Dir - straight line, f - plant
Aim: a plant The ball explodes into a vile cloud!
The stinking cloud engulfs the plant.
The plant appears unharmed.
The stinking cloud engulfs the electric eel.
The stinking cloud engulfs the plant.
The plant appears unharmed.
The plant is lightly damaged.
The electric eel shoots out a bolt of lightning at you!
The bolt of electricity hits the plant.
The bolt of electricity hits you! x2
* * * LOW HITPOINT WARNING * * *
Casting: Mephitic Cloud (safe; 9% risk of failure)
Confirm with . or Enter, or press ? or * to list all spells.
Aiming: Mephitic Cloud (safe; 9% risk of failure)
Press: ? - help, Shift-Dir - straight line, f - electric eel, p - plant
Aim: an electric eel Out of range.
Okay, then.
The electric eel shoots out a bolt of lightning at you!
The bolt of electricity hits the plant.
The bolt of electricity hits you!
* * * LOW HITPOINT WARNING * * *
The electric eel shoots out a bolt of lightning at you!
The bolt of electricity hits the electric eel.
The electric eel completely resists.
The bolt of electricity hits the plant.
The bolt of electricity hits you!
* * * LOW HITPOINT WARNING * * *
The electric eel shoots out a bolt of lightning at you!
The bolt of electricity hits the plant.
The bolt of electricity hits you!
You die...

#..(...#.#≈.[P....#.#
)......#.#≈≈.....'#.#
#####.##≈##≈.≈P..#..#
###≈##########.##
#≈##≈.≈P..##≈≈#
#.#≈;?P≈...#≈##
#.#≈!;P....#≈# #
#.#≈≈.;P..'#.# #
##'##≈$!P§.#@.#
#####...########.##
...##..## ###
##.##.## ##.##.####
##.##....#
..^)####.###
##..##.....#######
#).##.###........


You could see 3 electric eels.

Vanquished Creatures
  Eustachio (D:4)
  3 sky beasts
  3 bullfrogs (D:6)
  A wyvern skeleton (D:6)
  A howler monkey (D:6)
  3 electric eels (D:6)
  A centaur zombie (D:5)
  A quasit (Temple)
  A hound (D:4)
  A bullfrog skeleton (D:6)
  5 orc priests
  A jelly (D:5)
  6 orc wizards
  Jessica (D:2)
  Natasha (thrice) (D:4)
  6 worker ants
  11 gnolls
  7 adders
  2 shadow imps
  2 oozes
  An adder zombie (D:5)
  5 worms
  A dart slug (D:1)
  7 leopard geckos
  23 orcs
  2 giant cockroaches
  7 goblins
  7 hobgoblins
  7 jackals
  9 kobolds
  2 quokkas
  6 bats
  10 frilled lizards
  A leopard gecko skeleton (D:6)
  2 leopard gecko zombies
  A quokka skeleton (D:4)
  9 rats
160 creatures vanquished.

Vanquished Creatures (collateral kills)
  Sigmund (D:2)
  An ogre (D:4)
  An orc wizard (D:3)
  An orc (D:3)
4 creatures vanquished.

Grand Total: 164 creatures vanquished

Notes
Turn   | Place    | Note
-------+----------+-------------------------------------------
     0 | D:1      | Amnesiac the Tengu Wizard began the quest for the Orb.
     0 | D:1      | Reached XP level 1. HP: 10/10 MP: 5/5
   147 | D:1      | Reached XP level 2. HP: 15/15 MP: 4/7
   410 | D:1      | Reached XP level 3. HP: 11/19 MP: 0/8
  1209 | D:2      | Noticed Jessica
  1270 | D:2      | Learned a level 2 spell: Call Imp
  1273 | D:2      | Learned a level 2 spell: Blink
  1277 | D:2      | Learned a level 3 spell: Conjure Flame
  1308 | D:2      | Reached skill level 5 in Conjurations
  1308 | D:2      | Reached XP level 4. HP: 16/24 MP: 0/9
  1320 | D:2      | Killed Jessica
  1594 | D:2      | Noticed Sigmund
  1683 | D:2      | Killed Sigmund
  1683 | D:2      | Gained mutation: You can fly. [Tengu growth]
  1683 | D:2      | Reached XP level 5. HP: 32/32 MP: 8/10
  2230 | D:3      | Reached XP level 6. HP: 37/37 MP: 4/11
  2270 | D:2      | Learned a level 3 spell: Mephitic Cloud
  3599 | D:4      | Reached XP level 7. HP: 21/42 MP: 1/12
  3850 | D:4      | Reached skill level 5 in Dodging
  3873 | D:4      | Noticed Natasha
  4273 | D:4      | Killed Natasha
  4282 | D:4      | Noticed Natasha
  4293 | D:4      | Killed Natasha
  4411 | D:4      | Noticed Natasha
  4421 | D:4      | Killed Natasha
  4477 | D:4      | Noticed Eustachio
  4494 | D:4      | Killed Eustachio
  4494 | D:4      | Reached skill level 5 in Fighting
  4494 | D:4      | Reached XP level 8. HP: 49/49 MP: 1/13
  4785 | D:5      | Entered Level 5 of the Dungeon
  5416 | D:5      | Learned a level 4 spell: Throw Icicle
  5779 | D:5      | Reached skill level 5 in Spellcasting
  6041 | D:6      | Found a staircase to the Ecumenical Temple.
  6052 | Temple   | Entered the Ecumenical Temple
  6068 | Temple   | Became a worshipper of Sif Muna the Loreminder
  6177 | D:6      | Learned a level 3 spell: Ozocubu's Armour
  6321 | D:6      | Reached XP level 9. HP: 25/54 MP: 12/19
  6523 | D:6      | Reached * piety under Sif Muna
  6827 | D:6      | HP: 2/54 [electric eel/bolt of electricity (10)]
  6827 | D:6      | Killed from afar by an electric eel

Vault maps used:
D:1:      minmay_arrival_shattered_statue, dk_noncrumbling_2
D:2:      minmay_misc_feat_square, kennysheep_jessica_study, uniq_sigmund
D:3:      nrook_loot_triangle
D:4:      first_ration, uniq_natasha, uniq_eustachio
D:5:      minmay_misc_feat_tiny, palyth_stone_intersect
D:6:      cheibrodos_two_vegetables, minmay_temple_entry_purple_smoke
Temple:   grunt_wide_crystal_templ

Skill      XL: |  1  2  3  4  5  6  7  8  9 |
---------------+----------------------------+-----
Conjurations   | 2 3 5 6 7 |  7.1
Fighting       | 2 3 5 |  5.3
Dodging        | 3 4 6 |  6.2
Spellcasting   | 6 7 |  7.1
Stealth        | |  2.0
Summonings     | |  1.2
Translocations | |  0.7

Action                   |  1- 3 |  4- 6 |  7- 9 || total
-------------------------+-------+-------+-------++-------
Melee: Unarmed           |     5 |    13 |       ||    18
       Kick              |       |     3 |     6 ||     9
       Peck              |       |     2 |     7 ||     9
       Staff             |       |       |     1 ||     1
       Rapier            |       |       |    56 ||    56
 Fire: Hunting sling     |       |       |    47 ||    47
 Cast: Magic Dart        |    72 |   139 |   186 ||   397
       Call Imp          |     3 |     9 |       ||    12
       Mephitic Cloud    |       |     1 |    17 ||    18
       Conjure Flame     |       |       |     6 ||     6
       Ozocubu's Armour  |       |       |     2 ||     2
Invok: Divine Energy     |       |       |     1 ||     1
 Abil: Fly               |       |       |     2 ||     2
Evoke: Wand              |       |       |     1 ||     1
  Use: Scroll            |       |       |    10 ||    10
       Potion            |       |       |     2 ||     2
 Stab: Confused          |       |       |     3 ||     3
       Sleeping          |       |       |     1 ||     1
  Eat: Chunk             |     1 |     8 |    11 ||    20
Armor: Robe              |     8 |     3 |    35 ||    46
Dodge: Dodged            |    25 |    15 |   155 ||   195

Table legend:
 A = Spawn XP
 B = Non-spawn XP
 C = Spawn XP percentage of total XP
 D = Spawn monster count
 E = Non-spawn monster count
 F = Spawn count percentage of total count
 G = Total turns spent on level
                    A         B        C        D         E        F      G
               +---------+---------+-------+---------+---------+-------+---------
         Total |       0 |    2809 |   0.0 |       0 |     164 |   0.0 |  6827
               +---------+---------+-------+---------+---------+-------+---------
           D:1 |       0 |      47 |   0.0 |       0 |      27 |   0.0 |   964
           D:2 |       0 |     209 |   0.0 |       0 |      24 |   0.0 |  1157
           D:3 |       0 |     215 |   0.0 |       0 |      26 |   0.0 |  1160
           D:4 |       0 |     835 |   0.0 |       0 |      33 |   0.0 |  1876
           D:5 |       0 |     473 |   0.0 |       0 |      31 |   0.0 |   845
           D:6 |       0 |     982 |   0.0 |       0 |      21 |   0.0 |   768
        Temple |       0 |      48 |   0.0 |       0 |       2 |   0.0 |    57
               +---------+---------+-------+---------+---------+-------+---------
